 Dungeon Crawl Stone Soup version 0.22.0-38-g04b72b8 (webtiles) character file.

292 Gildeon the Magician (level 6, 0/44 HPs)
             Began as a Gnoll Wizard on Aug 26, 2018.
             Slain by a goblin
             ... wielding a +0 club
             ... led by Robin
              (7 damage)
             ... on level 3 of the Dungeon.
             The game lasted 00:19:27 (2906 turns).

Gildeon the Magician (Gnoll Wizard)                 Turns: 2906, Time: 00:19:27

Health: 0/44       AC:  2    Str:  9    XL:     6   Next: 33%
Magic:  9/16       EV: 14    Int: 22    God:
Gold:   157        SH:  4    Dex: 14    Spells: 6/19 levels left

rFire    . . .     SeeInvis .   o - +0 mace
rCold    . . .     Gourm    .   h - +0 buckler
rNeg     . . .     Faith    .   a - +0 robe
rPois    .         Spirit   .   b - +0 hat
rElec    .         Reflect  .   (no cloak)
rCorr    .         Harm     .   (no gloves)
MR       .....                  (no boots)
Stlth    +++.......             (no amulet)
HPRegen  0.14/turn              (no ring)
MPRegen  0.15/turn              (no ring)

@: no status effects
A: distributed training, fangs 1, strong nose
a: no special abilities


You were on level 3 of the Dungeon.
You were not hungry.

You visited 1 branch of the dungeon, and saw 4 of its levels.

You collected 157 gold pieces.

Inventory:

Hand Weapons
 c - a +0 dagger
 o - a +0 mace (weapon)
Armour
 a - a +0 robe (worn)
 b - a +0 hat (worn)
 h - a +0 buckler (worn)
 l - a +0 shield
Scrolls
 f - a scroll of blinking {unknown}
 m - 3 scrolls of remove curse
Potions
 g - 2 potions of magic
 i - a potion of lignification
 j - a potion of cancellation
Comestibles
 d - 5 rations
 k - 5 chunks of flesh


   Skills:
 + Level 1.8 Fighting
 + Level 1.8 Short Blades
 + Level 1.8 Long Blades
 + Level 1.8 Axes
 + Level 1.8 Maces & Flails
 + Level 1.8 Polearms
 + Level 1.8 Staves
 + Level 1.8 Slings
 + Level 1.8 Bows
 + Level 1.8 Crossbows
 + Level 1.8 Throwing
 + Level 1.8 Armour
 + Level 4.9 Dodging
 + Level 4.5 Stealth
 + Level 1.8 Shields
 + Level 1.8 Unarmed Combat
 + Level 7.4 Spellcasting
 + Level 2.6 Conjurations
 + Level 1.4 Hexes
 + Level 1.4 Charms
 + Level 2.6 Summonings
 + Level 1.4 Necromancy
 + Level 2.6 Translocations
 + Level 1.4 Transmutations
 + Level 1.4 Fire Magic
 + Level 1.4 Ice Magic
 + Level 1.4 Air Magic
 + Level 1.4 Earth Magic
 + Level 1.4 Poison Magic
 + Level 2.0 Invocations
 + Level 1.8 Evocations


You had 6 spell levels left.
You knew the following spells:

 Your Spells              Type           Power        Failure   Level  Hunger
a - Magic Dart            Conj           ###.         3%          1    None
b - Blink                 Tloc           N/A          5%          2    None
c - Call Imp              Summ           ###.....     5%          2    None
d - Slow                  Hex            ##......     9%          2    None
e - Conjure Flame         Conj/Fire      ###.....     14%         3    None
f - Mephitic Cloud        Conj/Pois/Air  ###.....     14%         3    None

Your spell library contained the following spells:

 Spells                   Type           Power        Failure   Level  Hunger


Dungeon Overview and Level Annotations

Branches:
Dungeon (4/15)
 Temple: D:4-7

Altars:
Ashenzari
Fedhas
Okawaru

Annotations:
D:3 Robin


Innate Abilities, Weirdness & Mutations

Your experience applies equally to all skills.
You have very sharp teeth.
Your uncanny sense of smell can sniff out nearby items.


Message History

Aim: an orc wizard, wielding a dagger and wearing a robe (moderately wounded)
The magic dart hits the orc wizard.
The orc wizard is severely wounded.
Robin's bangles clink loudly.
Robin roars a battlecry!
The orc wizard points at you and mumbles some strange words.
The magic dart hits you!
* * * LOW HITPOINT WARNING * * *
The goblin barely misses you.
Casting: Magic Dart (safe; 3% risk of failure)
Confirm with . or Enter, or press ? or * to list all spells.
Aiming: Magic Dart (safe; 3% risk of failure)
Press: ? - help, Shift-Dir - straight line, f/p - orc wizard
Aim: an orc wizard, wielding a dagger and wearing a robe (severely wounded)
The magic dart hits the orc wizard.
The orc wizard is severely wounded.
The orc wizard gestures at you while chanting.
You resist with some effort.
The goblin hits you with an uncursed club!
You die...

#..#.# .# #.# .#.#.# .#
#.# ...#.###### .# #.#
#........###.# #.#
##......)g... #.#
#........gg.. #.#
#.J.####.##.# #.#
.#.>.# #.# #g#######.#
.....# #..###go@g....#
.#%.#######§#g#########
.#...g§Kg.o#.##
.##.######g#.# .##.#
#g#o# g##.######g#.#
..(((og.o{...#
##############


You could see Robin, an orc wizard and 3 goblins.

Vanquished Creatures
  An ogre (D:4)
  A crimson imp (D:4)
  An orc wizard (D:3)
  A bullfrog skeleton (D:4)
  A worker ant (D:4)
  3 adders
  2 oozes
  A dart slug (D:2)
  3 leopard geckos
  3 giant cockroaches
  7 goblins
  7 hobgoblins
  3 jackals (D:3)
  2 ball pythons
  7 bats
  A frilled lizard (D:1)
  9 kobolds
  4 rats
57 creatures vanquished.

Vanquished Creatures (collateral kills)
  A kobold (D:1)
1 creature vanquished.

Grand Total: 58 creatures vanquished

Notes
Turn   | Place    | Note
-------+----------+-------------------------------------------
     0 | D:1      | Gildeon the Gnoll Wizard began the quest for the Orb.
     0 | D:1      | Reached XP level 1. HP: 13/13 MP: 8/8
   120 | D:1      | Found a shattered altar of Ashenzari.
   190 | D:1      | Reached XP level 2. HP: 19/19 MP: 6/10
   194 | D:1      | Learned a level 2 spell: Blink
   197 | D:1      | Learned a level 2 spell: Call Imp
   200 | D:1      | Learned a level 2 spell: Slow
   543 | D:1      | Reached XP level 3. HP: 25/25 MP: 9/11
   548 | D:1      | Learned a level 3 spell: Conjure Flame
   552 | D:1      | Learned a level 3 spell: Mephitic Cloud
   856 | D:2      | Found an iron altar of Okawaru.
   984 | D:2      | Reached skill level 1 in Invocations
  1070 | D:2      | Reached skill level 1 in Fighting
  1070 | D:2      | Reached skill level 1 in Short Blades
  1070 | D:2      | Reached skill level 1 in Long Blades
  1070 | D:2      | Reached skill level 1 in Axes
  1070 | D:2      | Reached skill level 1 in Maces & Flails
  1070 | D:2      | Reached skill level 1 in Polearms
  1070 | D:2      | Reached skill level 1 in Staves
  1070 | D:2      | Reached skill level 1 in Slings
  1070 | D:2      | Reached skill level 1 in Bows
  1070 | D:2      | Reached skill level 1 in Crossbows
  1070 | D:2      | Reached skill level 1 in Throwing
  1070 | D:2      | Reached skill level 1 in Armour
  1070 | D:2      | Reached skill level 1 in Shields
  1070 | D:2      | Reached skill level 1 in Unarmed Combat
  1070 | D:2      | Reached skill level 1 in Evocations
  1191 | D:2      | Reached XP level 4. HP: 30/32 MP: 2/13
  1637 | D:3      | Noticed Robin
  2022 | D:4      | HP: 1/32 [crimson imp (3)]
  2031 | D:4      | Reached skill level 1 in Hexes
  2031 | D:4      | Reached skill level 1 in Charms
  2031 | D:4      | Reached skill level 1 in Necromancy
  2031 | D:4      | Reached skill level 1 in Transmutations
  2031 | D:4      | Reached skill level 1 in Fire Magic
  2031 | D:4      | Reached skill level 1 in Ice Magic
  2031 | D:4      | Reached skill level 1 in Air Magic
  2031 | D:4      | Reached skill level 1 in Earth Magic
  2031 | D:4      | Reached skill level 1 in Poison Magic
  2248 | D:4      | Reached XP level 5. HP: 22/37 MP: 9/14
  2256 | D:4      | HP: 1/37 [bullfrog skeleton (3)]
  2552 | D:4      | Found a blossoming altar of Fedhas.
  2654 | D:4      | Noticed an ogre
  2666 | D:4      | Killed an ogre
  2666 | D:4      | Reached XP level 6. HP: 36/44 MP: 3/16
  2906 | D:3      | Slain by a goblin

Skill      XL: |  1  2  3  4  5 |
---------------+----------------+-----
Conjurations   | 2 |  2.6
Summonings     | 2 |  2.6
Translocations | 2 |  2.6
Invocations    | 1 2 |  2.0
Fighting       | 1 |  1.8
Short Blades   | 1 |  1.8
Long Blades    | 1 |  1.8
Axes           | 1 |  1.8
Maces & Flails | 1 |  1.8
Polearms       | 1 |  1.8
Staves         | 1 |  1.8
Slings         | 1 |  1.8
Bows           | 1 |  1.8
Crossbows      | 1 |  1.8
Throwing       | 1 |  1.8
Armour         | 1 |  1.8
Shields        | 1 |  1.8
Unarmed Combat | 1 |  1.8
Evocations     | 1 |  1.8
Hexes          | 1 |  1.4
Charms         | 1 |  1.4
Necromancy     | 1 |  1.4
Transmutations | 1 |  1.4
Fire Magic     | 1 |  1.4
Ice Magic      | 1 |  1.4
Air Magic      | 1 |  1.4
Earth Magic    | 1 |  1.4
Poison Magic   | 1 |  1.4
Dodging        | |  4.9
Stealth        | |  4.5
Spellcasting   | |  7.4

Action                   |  1- 3 |  4- 6 || total
-------------------------+-------+-------++-------
Melee: Club              |     5 |       ||     5
       Bite              |     2 |    12 ||    14
       Dagger            |       |    96 ||    96
       Mace              |       |    13 ||    13
       Hand axe          |       |     1 ||     1
 Cast: Magic Dart        |    69 |    94 ||   163
       Call Imp          |     1 |     1 ||     2
       Blink             |       |     9 ||     9
       Mephitic Cloud    |       |     1 ||     1
  Use: Scroll            |     5 |     4 ||     9
       Potion            |       |     2 ||     2
 Stab: Sleeping          |     4 |     2 ||     6
  Eat: Chunk             |     1 |     2 ||     3
       Ration            |       |     1 ||     1
Armor: Robe              |     5 |    21 ||    26
Dodge: Dodged            |    13 |   106 ||   119
Block: Buckler           |     3 |    38 ||    41
